 Dungeon Crawl Stone Soup version 0.14-a0-1585-g835621a (webtiles) character file.

275 Jenx the Ruffian (level 4, -4/44 HPs)
             Began as a Troll Monk on Dec 22, 2013.
             Slain by Prince Ribbit (11 damage)
             ... in the Ecumenical Temple.
             The game lasted 00:09:21 (2166 turns).

Jenx the Ruffian (Troll Monk)                       Turns: 2166, Time: 00:09:22

HP  -4/44        AC  7     Str 19      XL: 4   Next: 33%
MP   2/2         EV 10     Int  6      God:
Gold 184         SH  0     Dex 13      Spells:  0 memorised,  3 levels left

rFire  . . .     SeeInvis .       - Unarmed
rCold  . . .     Clarity  .     i - +1 elf robe
rNeg   . . .     Conserve .     (shield restricted)
rPois  .         rCorr    .     (helmet restricted)
rElec  .         rRot     .     a - +0 dwarf cloak
SustAb . .       Spirit   .     (gloves unavailable)
rMut   .         Warding  .     (boots unavailable)
Gourm  +         Stasis   .     (no amulet)
                                (no ring)
                                f - cursed ring of protection from magic

@: somewhat resistant to hostile enchantments, unstealthy
A: unfitting armour, claws 3, fast metabolism 3, gourmand, regeneration 2,
saprovore 2, shaggy fur 1, tough skin 2
a: no special abilities


You were in the Ecumenical Temple.
You were full.

You visited 2 branches of the dungeon, and saw 5 of its levels.

You collected 184 gold pieces.

Inventory:

Missiles
 h - 14 silver darts (quivered)
Armour
 a - a +0 dwarven cloak (worn)
 i - a +1 elven robe (worn)
Comestibles
 b - 3 meat rations
 l - 2 apples
 m - a choko
 p - a rambutan
 v - a rotting chunk of bat flesh
 x - a rotting chunk of rat flesh
Scrolls
 c - a scroll of magic mapping {unknown}
 e - 2 scrolls of enchant armour {unknown}
 g - a scroll of remove curse {unknown}
 j - a scroll of fear
Jewellery
 f - a cursed ring of protection from magic (left claw)
 n - an uncursed ring of protection from fire {unknown}
Potions
 d - a potion of heal wounds {unknown}
 o - a potion of poison {unknown}
 q - a potion of might {unknown}
 r - a potion of resistance {unknown}
 s - 2 potions of flight {unknown}
 t - a potion of invisibility {unknown}
Books
 k - a book of Dreams

   Spells                             Type                      Level
   Ensorcelled Hibernation            Hexes/Ice                    2
   Flight                             Charms/Air                   3
   Phase Shift                        Translocation                5
   Shadow Creatures                   Summoning                    5
   Mass Confusion                     Hexes                        6
   Darkness                           Hexes                        7


   Skills:
 - Level 2.4 Fighting
 - Level 2.4 Dodging
 - Level 1.1 Stealth
 * Level 5.8 Unarmed Combat


You had 3 spell levels left.
You didn't know any spells.

Dungeon Overview and Level Annotations

Branches:
Dungeon (6/16)             Temple (1/1) D:6

Altars:
Cheibriados
Elyvilon
Makhleb
Sif Muna
Vehumet
Xom

Annotations:
Temple Prince Ribbit


Innate Abilities, Weirdness & Mutations

You are too large for most types of armour.
You have claws for hands.
Your metabolism is lightning-fast.
You like to eat raw meat.
You heal very quickly.
You can eat rotten meat.
You are covered in fur (AC +1).
You have very tough skin (AC +2).


Message History

You climb downwards.
Welcome to the Ecumenical Temple!
There is a staircase back to the Dungeon here.
Unknown command.
Prince Ribbit lets out a mournful croak.
Prince Ribbit blinks!
Prince Ribbit blinks!
You closely miss Prince Ribbit. Prince Ribbit barely misses you.
Prince Ribbit closely misses you. Why would you want to do that?
Unknown command.
Prince Ribbit hits you! Prince Ribbit hits you.
* * * LOW HITPOINT WARNING * * *
Prince Ribbit hops awkwardly around.
Prince Ribbit catches a butterfly with his tongue.
Prince Ribbit hits you!
* * * LOW HITPOINT WARNING * * *
Prince Ribbit hits you but does no damage.
Prince Ribbit hits you!
You die...

≈≈≈≈≈≈≈≈...≈≈≈≈≈≈≈≈
≈≈≈≈≈≈≈...≈≈≈≈≈≈≈≈≈
≈≈≈≈≈≈≈...≈≈≈≈≈≈≈≈≈≈
≈≈≈≈≈≈≈...≈≈≈≈≈≈≈≈≈≈
≈≈≈≈≈≈≈≈...≈≈≈≈≈≈≈≈≈
≈≈≈≈≈≈≈≈.w.≈≈≈≈≈≈≈≈
≈≈≈≈≈.......≈≈≈...≈≈
≈≈≈≈.._...F....._..≈
≈≈≈≈....@._......≈≈
≈≈≈≈...≈≈...≈≈...≈
≈≈≈≈...≈≈≈≈≈...≈≈
≈≈≈≈≈...≈≈≈...≈≈≈
≈≈≈≈≈.........≈≈
≈≈≈.._....._..
≈≈≈.........
≈≈≈≈.._..≈ ≈≈..


You could see Prince Ribbit and a worm.

Vanquished Creatures
  An orc wizard (D:6)
  An adder (D:2)
  An ooze (D:1)
  2 orcs (D:6)
  11 bats
  2 giant cockroaches
  8 goblins
  6 hobgoblins
  6 jackals (D:2)
  4 kobolds
  A quokka (D:3)
  3 giant newts
  6 rats
52 creatures vanquished.

Notes
Turn   | Place    | Note
--------------------------------------------------------------
     0 | D:1      | Jenx, the Troll Monk, began the quest for the Orb.
     0 | D:1      | Reached XP level 1. HP: 22/22 MP: 1/1
   134 | D:1      | Reached XP level 2. HP: 22/29 MP: 1/1
   394 | D:1      | Upgraded the game from 0.14-a0-1576-gf4c5cb9 to 0.14-a0-1585-g835621a
   849 | D:2      | Reached skill level 5 in Unarmed Combat
   849 | D:2      | Reached XP level 3. HP: 34/36 MP: 2/2
  2041 | D:3      | You fall through a shaft for 3 floors!
  2098 | D:6      | Reached XP level 4. HP: 41/44 MP: 2/2
  2144 | D:6      | Found a staircase to the Ecumenical Temple.
  2148 | D:6      | Noticed Prince Ribbit
  2154 | Temple   | Entered the Ecumenical Temple
  2166 | Temple   | Slain by Prince Ribbit

Action                   |  1- 3 |  4- 6 || total
-------------------------+-------+-------++-------
Melee: Unarmed           |   137 |     1 ||   138
  Use: Scroll            |    10 |       ||    10
 Stab: Sleeping          |     1 |       ||     1
